 Dungeon Crawl Stone Soup version 0.30-a0-883-g5ad918d77d (webtiles) character file.

Game seed: 4298061047651188857

6451 Newt the Skirmisher (level 11, -2/63 HPs)
             Began as a Kobold Hunter on Mar 17, 2023.
             Was a Believer of Hepliaklqana.
             Slain by a six-headed hydra (9 damage)
             ... on level 10 of the Dungeon.
             The game lasted 00:09:04 (8845 turns).

Newt the Skirmisher (Kobold Hunter)                 Turns: 8845, Time: 00:09:04

Health: -2/63      AC:  9    Str: 13    XL:     11   Next: 18%
Magic:  11/11      EV: 17    Int: 12    God:    Hepliaklqana [**....]
Gold:   505        SH:  0    Dex: 20    Spells: 10/10 levels left

rFire   . . .      SeeInvis .    a - +3 shortbow (drain)
rCold   . . .      Faith    .    (shield currently unavailable)
rNeg    . . .      Spirit   .    n - +5 ring mail of Ujugeew {rElec Regen+ Str+5 Dex-2}
rPois   .          Reflect  .    p - +1 hat
rElec   +          Rampage  .    (no cloak)
rCorr   .                        y - +0 pair of gloves
Will    .....                    (no boots)
Stlth   ++                       (no amulet)
HPRegen 1.10/turn                h - ring of flight
MPRegen 0.12/turn                i - +4 ring of protection

@: about to teleport, corroded, flying
A: reduced essence, small, no large weapons, nightstalker 3
a: Renounce Religion, Recall Ancestor, Ancestor Identity


You were on level 10 of the Dungeon.
You worshipped Hepliaklqana.
Hepliaklqana was pleased with you.
You visited 1 branch of the dungeon, and saw 10 of its levels.

You collected 505 gold pieces.

Inventory:

Hand Weapons
 a - a +3 shortbow of draining (weapon)
Armour
 c - a +1 leather armour
 n - the +5 ring mail of Ujugeew (worn) {rElec Regen+ Str+5 Dex-2}
   (You found it on level 3 of the Dungeon)

   Str:       It affects your strength (+5).
   Dex:       It affects your dexterity (-2).
   rElec:     It insulates you from electricity.
   Regen:     It increases your rate of health regeneration.
 p - a +1 hat (worn)
 q - a +1 ring mail of cold resistance
 y - a +0 pair of gloves (worn)
Jewellery
 g - a ring of willpower
 h - a ring of flight (left hand)
 i - a +4 ring of protection (right hand)
 s - a ring of willpower
Wands
 k - a wand of iceblast (9)
 l - a wand of paralysis (5)
 t - a wand of flame (47)
 v - a wand of quicksilver (9)
Scrolls
 b - 2 scrolls of immolation
 d - 4 scrolls of vulnerability
 e - 2 scrolls of noise
 f - a scroll of torment
 j - 2 scrolls of fog
 w - a scroll of teleportation
Potions
 o - a potion of ambrosia
 r - a potion of flight
 u - a potion of attraction
 x - a potion of curing


   Skills:
 - Level 9.0 Fighting
 - Level 14.0 Ranged Weapons
 - Level 7.0 Armour
 + Level 7.1 Dodging
 - Level 1.3 Stealth


You had 10 spell levels left.
You didn't know any spells.
Your spell library contained the following spells:

 Spells                   Type           Power      Damage    Failure   Level
 Magic Dart               Conj           0%         1d3       54%         1
 Slow                     Hex            0%         N/A       54%         1
 Cigotuvi's Dreadful Rot  Necr/Pois/Air  0%         N/A       67%         2
 Lesser Beckoning         Tloc           0%         N/A       67%         2
 Poisonous Vapours        Pois/Air       0%         N/A       67%         2
 Searing Ray              Conj           0%         2d4       67%         2
 Sublimation of Blood     Necr           0%         N/A       67%         2
 Confusing Touch          Hex            0%         N/A       88%         3
 Gell's Gravitas          Tloc           0%         N/A       88%         3
 Mephitic Cloud           Conj/Pois/Air  0%         N/A       88%         3
 Teleport Other           Tloc           0%         N/A       88%         3
 Vampiric Draining        Necr           0%         2d6       88%         3
 Fulminant Prism          Conj/Hex       0%         3d5       99%         4
 Manifold Assault         Tloc           0%         N/A       99%         4
 Petrify                  Tmut/Erth      0%         N/A       99%         4
 Freezing Cloud           Conj/Ice/Air   0%         6-21      100%        5
 Irradiate                Conj/Tmut      0%         3d11      100%        5
 Dispersal                Tloc           0%         N/A       100%        6
 Simulacrum               Ice/Necr       0%         N/A       100%        6
 Disjunction              Tloc           0%         N/A       100%        8
 Polar Vortex             Ice            0%         N/A       100%        9


Dungeon Overview and Level Annotations

Branches:
Dungeon (10/15)            Temple (0/1) D:6
   Lair: D:8-11         Orc: D:9-12

Altars:
Dithmenos
Hepliaklqana
Makhleb
Nemelex Xobeh
Qazlal
Ru
Trog
Vehumet
Wu Jian
Yredelemnul
The Shining One

Shops:
D:4 (   D:6 *   D:7 [   D:9 (

Annotations:
D:9 2 transporters, Newt's ghost, journeyman KoHu


Innate Abilities, Weirdness & Mutations

Your life essence is reduced to manifest your ancestor. (-10% HP)
You are small and have problems with some larger weapons.
You are completely attuned to the shadows.


Message History

The six-headed hydra bites Sunngifu!
The six-headed hydra bites Sunngifu but does no damage.
The six-headed hydra bites Sunngifu!
Sunngifu is destroyed!
You shoot an arrow. The arrow hits the six-headed hydra!
You drain the six-headed hydra.
The six-headed hydra is heavily wounded.
You shoot an arrow. The arrow hits the six-headed hydra.
The six-headed hydra is heavily wounded.
You shoot an arrow. The arrow hits the six-headed hydra.
The six-headed hydra is heavily wounded.
The six-headed hydra bites you. The six-headed hydra barely misses you.
The six-headed hydra bites you.
The six-headed hydra closely misses you.
The six-headed hydra bites you. The six-headed hydra barely misses you.
You shoot an arrow.
The arrow completely misses the six-headed hydra.
The six-headed hydra barely misses you. The six-headed hydra bites you!
The six-headed hydra barely misses you. The six-headed hydra bites you. x3
You are too injured to fight recklessly!
Unknown command.
Aiming: Paralyse
Press: ? - help, Shift-Dir - straight line, f/p - six-headed hydra
Aim: a six-headed hydra (heavily wounded, lightly drained, chance to affect: 23%)
Okay, then.
Okay, then.
As you read the scroll of teleportation, it crumbles to dust.
You feel strangely unstable. The six-headed hydra bites you!
* * * LOW HITPOINT WARNING * * *
The six-headed hydra closely misses you.
The six-headed hydra bites you but does no damage. x2
The six-headed hydra bites you.
* * * LOW HITPOINT WARNING * * *
The six-headed hydra barely misses you.
Unknown command.
The six-headed hydra attacks as you move away!
The six-headed hydra bites you.
* * * LOW HITPOINT WARNING * * *
The six-headed hydra bites you!
You die...

###..##. ♣. .......##.♣♣♣. ♣..
.......##...)♣ ♣.♣ ...####
..♣♣♣♣.# #...♣♣... .......
..♣....####..♣..#..♣)u<#...###.
..♣._................##.Y......
..♣....#.###...## #..###Y..###.
.......#.# ##.######.###..##
.........# #..D@†.†)...###
########## #############


You could see a six-headed hydra (drained).

Vanquished Creatures
  A hydra (D:10)
  An ugly thing (D:10)
  Sigmund (D:5)
  4 yaks (D:10)
  A wyvern (D:9)
  Menkaure (D:6)
  Edmund (D:5)
  A water moccasin (D:6)
  An orc warrior (D:9)
  A black bear (D:4)
  An ogre (D:7)
  3 centaurs
  2 phantoms (D:6)
  A kobold brigand (D:9)
  A gnoll sergeant (D:9)
  3 bullfrogs
  2 scorpions
  3 wights (D:9)
  4 howler monkeys
  3 jellies
  2 hounds
  3 orc priests
  A sleepcap (D:7)
  Ijyb (D:3)
  5 iguanas
  18 orc wizards
  10 gnolls
  5 adders
  An ufetubus (D:5)
  4 worms
  A dart slug (D:4)
  32 orcs
  7 ball pythons
  7 endoplasms
  A giant cockroach (D:3)
  6 goblins
  6 hobgoblins
  3 jackals (D:4)
  10 kobolds
  4 quokkas
  4 bats
  2 frilled lizards
  5 rats
174 creatures vanquished.

Vanquished Creatures (collateral kills)
  A two-headed ogre (D:8)
  A wizard (D:10)
  A wraith (D:9)
  2 orc warriors
  A centaur (D:9)
  A wight (D:9)
  A howler monkey (D:9)
  A gnoll bouda (D:8)
  2 orc wizards (D:9)
  A gnoll (D:9)
  3 orcs
  A kobold (D:9)
16 creatures vanquished.

Vanquished Creatures (others)
  2 knights (D:10)
  An orc wizard (D:5)
  2 ancestors
5 creatures vanquished.

Grand Total: 195 creatures vanquished

Notes
Turn   | Place    | Note
-------+----------+-------------------------------------------
     0 | D:1      | Newt the Kobold Hunter began the quest for the Orb.
     0 | D:1      | Reached XP level 1. HP: 12/12 MP: 1/1
   102 | D:1      | Reached XP level 2. HP: 18/18 MP: 2/2
   806 | D:2      | Found a basalt altar of Yredelemnul.
   845 | D:2      | Reached XP level 3. HP: 24/24 MP: 3/3
  1008 | D:2      | Reached XP level 4. HP: 30/30 MP: 4/4
  1074 | D:2      | Reached skill level 5 in Fighting
  1832 | D:3      | Reached XP level 5. HP: 35/35 MP: 5/5
  1856 | D:3      | Noticed Ijyb
  1864 | D:3      | Killed Ijyb
  1865 | D:3      | Reached skill level 6 in Ranged Weapons
  2090 | D:3      | Identified the +5 ring mail of Ujugeew {rElec Regen+ Str+5
                  | Dex-2}
  2228 | D:3      | HP: 1/35 [something (4)]
  2595 | D:3      | Reached skill level 7 in Ranged Weapons
  2601 | D:3      | Reached XP level 6. HP: 40/40 MP: 6/6
  2979 | D:4      | Reached skill level 8 in Ranged Weapons
  3063 | D:4      | Reached XP level 7. HP: 44/44 MP: 7/7
  3201 | D:4      | Reached skill level 9 in Ranged Weapons
  3497 | D:4      | Found Yzeirao's Weapon Shoppe.
  3665 | D:4      | Found a radiant altar of Vehumet.
  3719 | D:4      | Found a bloodstained altar of Trog.
  3747 | D:5      | Entered Level 5 of the Dungeon
  3772 | D:5      | Reached skill level 10 in Ranged Weapons
  3871 | D:5      | Noticed Sigmund
  3877 | D:5      | Killed Sigmund
  3878 | D:5      | Reached skill level 5 in Dodging
  3878 | D:5      | Reached XP level 8. HP: 43/49 MP: 8/8
  4013 | D:5      | Noticed Edmund
  4035 | D:5      | Killed Edmund
  4036 | D:5      | Reached skill level 1 in Armour
  4235 | D:5      | Found a shadowy altar of Dithmenos.
  4236 | D:5      | Found a hazy altar of Hepliaklqana.
  4236 | D:5      | Noticed a shadow
  4290 | D:5      | Became a worshipper of Hepliaklqana the Forgotten
  4790 | D:6      | Reached XP level 9. HP: 54/54 MP: 9/9
  4795 | D:6      | Found a staircase to the Ecumenical Temple.
  4809 | D:6      | Found Guiggorph's Assorted Antiques.
  4817 | D:6      | Noticed Menkaure
  4821 | D:6      | Killed Menkaure
  4990 | D:6      | Reached skill level 5 in Armour
  5336 | D:6      | Found a sacrificial altar of Ru.
  5476 | D:7      | Found Ahowomut's Antique Armour Boutique.
  5775 | D:7      | Reached * piety under Hepliaklqana
  6020 | D:7      | Found a glowing golden altar of the Shining One.
  6772 | D:8      | Reached ** piety under Hepliaklqana
  6773 | D:8      | Remembered your ancestor Sunngifu as a knight
  7232 | D:8      | Noticed a two-headed ogre
  7239 | D:8      | Killed a two-headed ogre
  7240 | D:8      | Reached skill level 12 in Ranged Weapons
  7240 | D:8      | Reached XP level 10. HP: 36/53 MP: 10/10
  7589 | D:9      | Reached skill level 13 in Ranged Weapons
  7632 | D:9      | Found a transporter.
  7635 | D:9      | Noticed a deep troll
  7644 | D:9      | Found a transporter.
  7645 | D:9      | Noticed a moth of wrath
  7822 | D:9      | Found Myujer's Antique Weapon Boutique.
  7855 | D:9      | Noticed a two-headed ogre
  7855 | D:9      | Noticed a two-headed ogre
  7959 | D:9      | Reached skill level 14 in Ranged Weapons
  7994 | D:9      | Found a sparkling altar of Nemelex Xobeh.
  8065 | D:9      | Found a stormy altar of Qazlal.
  8283 | D:9      | Found a burning altar of Makhleb.
  8508 | D:9      | Noticed Newt's ghost (journeyman KoHu)
  8673 | D:10     | Entered Level 10 of the Dungeon
  8737 | D:10     | Found an ornate altar of the Wu Jian Council.
  8750 | D:10     | Noticed a wizard
  8754 | D:10     | Killed a wizard
  8769 | D:10     | Noticed a four-headed hydra
  8778 | D:10     | Killed a four-headed hydra
  8779 | D:10     | Reached XP level 11. HP: 54/61 MP: 11/11
  8790 | D:10     | Noticed a brown ugly thing
  8832 | D:10     | Killed a brown ugly thing
  8833 | D:10     | Noticed a six-headed hydra
  8845 | D:10     | Slain by a six-headed hydra

Illustrated notes

Levels and vault maps discovered:
D:1:      minmay_arrival_wavy_path, layout_rooms
D:2:      layout_basic, basic_altar
D:3:      layout_loops_ring, uniq_ijyb
D:4:      layout_loops_ring, mainiacjoe_overflow_surrounded_room,
          nicolae_overflow_hidden_temple, serial_shops, nicolae_square_shop
D:5:      layout_basic, riverfiend_overflow_shadow_ancestor,
          chequers_serial_rivers_small_b, uniq_edmund, uniq_sigmund
D:6:      layout_loops_ring, nicolae_ru_the_path_less_chosen,
          minmay_temple_entry_trees, serial_shops, shop, uniq_menkaure
D:7:      layout_loops_ring, mainiacjoe_overflow_alcove_4, serial_shops,
          nicolae_square_shop, grunt_ministairs_8
D:8:      layout_gridville
D:9:      layout_basic, old_standard_altar, amcnicky_altar_gilded,
          mainiacjoe_overflow_concentric_impassable, serial_shops, shop,
          gammafunk_ghost_wrathful_warriors
D:10:     layout_loops_ring, mainiacjoe_overflow_chevrons,
          gammafunk_ghost_necromancy, enter_bailey_5, kb_rosetta, uniq_grum,
          uniq_maggie, uniq_harold

Skill      XL: |  1  2  3  4  5  6  7  8  9 10 11 |
---------------+----------------------------------+-----
Fighting       | 3 4 5 8 9 |  9.0
Ranged Weapons | 7 8 10 12 14 | 14.0
Dodging        | 5 6 7 |  7.1
Armour         | 4 7 |  7.0
Stealth        | |  1.3

Action                     |  1- 3 |  4- 6 |  7- 9 | 10-12 || total
---------------------------+-------+-------+-------+-------++-------
  Melee: Shortbow          |       |     6 |     5 |       ||    11
   Fire: Shortbow          |    55 |   138 |   316 |   137 ||   646
 Invoke: Ancestor Life: Kn |       |       |     1 |       ||     1
         Recall Ancestor   |       |       |       |     1 ||     1
  Evoke: Wand              |       |       |       |    11 ||    11
    Use: Scroll            |     5 |     5 |     6 |     2 ||    18
         Potion            |       |     1 |       |     4 ||     5
 Armour: Leather armour    |     4 |     4 |       |       ||     8
         Ring mail         |       |    44 |    92 |    27 ||   163
  Dodge: Dodged            |    12 |    55 |   146 |    68 ||   281

Table legend: (Time is in decaauts)
 A = Elapsed time spent in this place.
 B = Non-inter-level travel time spent in this place.
 C = Inter-level travel time spent in this place.
 D = Time resting spent in this place.
 E = Time spent auto-exploring this place.
 F = Levels seen in this place.
 G = Mean time per level.
                   A        B        C        D        E       F      G
               +--------+--------+--------+--------+--------+-----+--------+
         Total |   8924 |   8604 |    320 |    925 |   6456 |  10 |  892.4 |
       Dungeon |   8924 |   8604 |    320 |    925 |   6456 |  10 |  892.4 |
               +--------+--------+--------+--------+--------+-----+--------+

Top non-repeatable levels by time:
     D:2: 1259 daAuts
     D:8: 1170 daAuts
     D:3: 1110 daAuts
     D:9: 1109 daAuts
     D:7: 949 daAuts
     D:6: 893 daAuts
     D:4: 859 daAuts
     D:5: 831 daAuts
     D:1: 575 daAuts
    D:10: 167 daAuts
